 Dungeon Crawl Stone Soup version 0.29-a0-297-g7659ce593d (webtiles) character file.

Game seed: 10770944387802223205

10670 kae the Arsonist (level 11, -16/67 HPs)
             Began as a Tengu Fire Elementalist on Mar 20, 2022.
             Was a Believer of Vehumet.
             Hit by a large rock thrown by a cyclops (33 damage)
             ... on level 11 of the Dungeon.
             The game lasted 00:15:10 (14520 turns).

kae the Arsonist (Tengu Fire Elementalist)         Turns: 14520, Time: 00:15:11

Health: -16/67     AC: 22    Str: 10    XL:     11   Next: 65%
Magic:  13/22      EV: 10    Int: 22    God:    Vehumet [**....]
Gold:   882        SH:  0    Dex: 14    Spells: 15/24 levels left

rFire   + . .      SeeInvis .   j - +0 mace (flame)
rCold   . . .      Faith    .   (no shield)
rNeg    + . .      Spirit   .   x - +5 pearl dragon scales "Cucoh" {rElec rF+ rN+ Int+3}
rPois   .          Reflect  .   (helmet restricted)
rElec   +          Harm     .   (no cloak)
rCorr   .          Rampage  .   (no gloves)
Will    .....                   (boots unavailable)
Stlth   ..........              p - amulet of regeneration
HPRegen 1.01/turn               l - ring of wizardry
MPRegen 0.18/turn               v - +4 ring of protection

@: flying quickly and evasively, quick
A: beak, talons 3, nimble flight
a: Renounce Religion


You were on level 11 of the Dungeon.
You worshipped Vehumet.
Vehumet was pleased with you.
You visited 2 branches of the dungeon, and saw 12 of its levels.
You also visited: Ossuary.

You collected 930 gold pieces.
You spent 48 gold pieces at shops.

Inventory:

Hand Weapons
 j - a +0 mace of flaming (weapon)
Armour
 a - a +1 robe
 w - a +0 troll leather armour
 x - the +5 pearl dragon scales "Cucoh" (worn) {rElec rF+ rN+ Int+3}
   (You acquired it on level 9 of the Dungeon)

   Int:       It affects your intelligence (+3).
   rF:        It protects you from fire.
   rElec:     It insulates you from electricity.
   rN:        It protects you from negative energy.
Jewellery
 f - an amulet of guardian spirit
 l - a ring of wizardry (left hand)
 p - an amulet of regeneration (around neck)
 u - a ring of ice
 v - a +4 ring of protection (right hand)
 y - a +6 ring of strength
 B - a ring of protection from cold
 D - the ring of Asceticism {rC+ Dex+2 SInv}
   (You took it off an orc on level 7 of the Dungeon)

   [ring of see invisible]

   Dex:       It affects your dexterity (+2).
   rC:        It protects you from cold.
   SInv:      It lets you see invisible.
 F - an amulet of reflection
 G - a +6 ring of intelligence
Wands
 e - a wand of iceblast (20)
 n - a wand of paralysis (4)
 o - a wand of polymorph (8)
 r - a wand of digging (3)
 z - a wand of flame (12)
 A - a wand of charming (7)
Scrolls
 d - 2 scrolls of silence
 g - 2 scrolls of brand weapon
 t - a scroll of teleportation
 C - a scroll of enchant armour
 I - a scroll of fog
 K - a scroll of identify
 L - a scroll of fear
Potions
 b - 2 potions of degeneration
 c - 2 potions of attraction
 h - a potion of flight
 i - 2 potions of resistance
 k - 8 potions of curing
 m - a potion of brilliance
 q - a potion of heal wounds
 s - a potion of invisibility {unknown}
 E - a potion of mutation {unknown}
 H - a potion of berserk rage {unknown}
 J - a potion of magic


   Skills:
 + Level 7.5 Fighting
 * Level 7.1 Armour
 - Level 2.1 Dodging
 - Level 2.0 Stealth
 + Level 7.2 Spellcasting
 + Level 10.0 Conjurations
 * Level 12.1 Fire Magic


You had 15 spell levels left.
You knew the following spells:

 Your Spells              Type           Power      Damage    Failure   Level
a - Foxfire               Conj/Fire      100%       2x1d9     1%          1
b - Scorch                Fire           100%       2d10      1%          2
c - Conjure Flame         Conj/Fire      54%        6-21      1%          3
d - Inner Flame           Hex/Fire       34%        N/A       6%          3

Your spell library contained the following spells:

 Spells                   Type           Power      Damage    Failure   Level
 Static Discharge         Conj/Air       29%        N/A       4%          2
 Flame Wave               Conj/Fire      54%        2d11      2%          4
 Apportation              Tloc           14%        N/A       24%         1
 Fulminant Prism          Conj/Hex       14%        3d9       30%         4
 Iskenderun's Mystic Bla  Conj/Tloc      29%        2d7       30%         4
 Blink                    Tloc           14%        N/A       34%         2
 Lesser Beckoning         Tloc           7%         N/A       56%         3
 Olgreb's Toxic Radiance  Pois           7%         N/A       91%         4
 Petrify                  Tmut/Erth      7%         N/A       91%         4
 Alistair's Intoxication  Tmut/Pois      4%         N/A       99%         5
 Lee's Rapid Deconstruct  Erth           3%         3d6*      99%         5
 Manifold Assault         Tloc           7%         N/A       99%         5
 Metabolic Englaciation   Hex/Ice        3%         N/A       99%         5
 Statue Form              Tmut/Erth      4%         N/A       100%        6
 Summon Cactus Giant      Summ           3%         N/A       100%        6
 Ozocubu's Refrigeration  Ice            3%         4d5       100%        7
 Ignition                 Fire           28%        3d9       100%        8


Dungeon Overview and Level Annotations

Branches:
Dungeon (11/15)            Temple (1/1) D:7             Orc (0/2) D:10
Ossuary (visited)
   Lair: D:8-11

Altars:
Ashenzari
Cheibriados
Dithmenos
Elyvilon
Fedhas
Gozag
Hepliaklqana
Kikubaaqudgha
Makhleb
Nemelex Xobeh
Okawaru
Qazlal
Ru
Sif Muna
Trog
Uskayaw
Vehumet
Wu Jian
Xom
Yredelemnul
Zin
The Shining One
Beogh

Shops:
D:9 :((!

Annotations:
D:3 3 runed translucent doors, Inarius's ghost, weakling FeCK; Soel's ghost, amateur FoAK; benappo's ghost, amateur DsHu
D:6 exclusions: black bear and wraith
D:7 1 runed translucent door, robertstho's ghost, novice DjFE


Innate Abilities, Weirdness & Mutations

You have a beak for a mouth.
You have claws for feet.
Your magical nature lets you fly swiftly and evasively.


Message History

The cyclops is lightly wounded.
The cyclops throws a large rock.
The large rock hits you!!
Casting: Foxfire (safe; 1% risk of failure)
Confirm with . or Enter, or press ? or * to list all spells.
Aiming: Inner Flame (dangerous; 6% risk of failure)
Press: ? - help, Dir - move target, f - cyclops
Aim: a cyclops, quivering large rocks (lightly wounded, chance to affect: 74%)
The cyclops is filled with an intense inner flame!
Casting: Inner Flame (dangerous; 6% risk of failure)
Confirm with . or Enter, or press ? or * to list all spells.
You conjure some foxfire!
The cyclops throws a large rock.
The large rock hits you!!
* * * LOW HITPOINT WARNING * * *
The foxfire hits the cyclops.
Flame seeps out of the cyclops.
The cyclops is lightly wounded.
Casting: Foxfire (safe; 1% risk of failure)
Confirm with . or Enter, or press ? or * to list all spells.
You conjure some foxfire!
The foxfire hits the cyclops but does no damage.
The cyclops is lightly wounded.
The foxfire hits the cyclops.
Flame seeps out of the cyclops.
The cyclops is lightly wounded.
An orc comes into view. It is wielding a +0 hand axe.
The cyclops is engulfed in blazing flames.
Flame seeps out of the cyclops.
The foxfire hits the cyclops.
Flame seeps out of the cyclops.
The cyclops is moderately wounded.
Casting: Foxfire (safe; 1% risk of failure)
Confirm with . or Enter, or press ? or * to list all spells.
You conjure some foxfire!
The cyclops is engulfed in blazing flames.
Flame seeps out of the cyclops.
The foxfire hits the cyclops!
Flame seeps out of the cyclops.
The cyclops is severely wounded.
The foxfire hits the cyclops.
Flame seeps out of the cyclops.
The cyclops is severely wounded.
The cyclops is engulfed in blazing flames.
Flame seeps out of the cyclops.
The cyclops throws a large rock.
The large rock hits you!!
You die...

..........
.########. .#
#############+# .#
+.............# .#
#.............# {#
#.............#
.##
#.............#
o.# #.....§.##....
..# #....§§@##....
..#
#.....§§)......
..#
#.......##.....
..# #......C# ...#
#........#......°#
..#
+........#....o..#
##
ho.###...#........
.... ..+.........
..... #..........


You could see a cyclops (inner flame) and an orc.

Vanquished Creatures
  A hydra (D:10)
  An ogre mage (D:10)
  2 ugly things (D:10)
  A gargoyle (D:10)
  3 trolls
  A wraith (D:10)
  18 yaks
  A vampire mosquito (D:9)
  3 steam dragons
  2 wargs (D:10)
  An acid dragon (D:10)
  3 water moccasins
  2 ice beasts
  5 ogres
  2 sky beasts (D:7)
  6 orc warriors
  6 centaurs
  A phantom (D:5)
  A gnoll sergeant (D:8)
  3 scorpions
  6 wights
  11 killer bees
  6 howler monkeys
  6 hounds
  A jelly (D:6)
  3 orc priests
  3 iguanas
  Ijyb (D:5)
  5 orc wizards
  2 mummies (Ossuary)
  6 gnolls
  2 adders
  2 worms
  2 dart slugs
  41 orcs
  6 endoplasms
  A giant cockroach (D:2)
  6 hobgoblins
  10 jackals
  4 kobolds
  A quokka (D:4)
  6 ball pythons
  3 bats
  A frilled lizard (D:3)
  5 gnoll zombies (Ossuary)
  2 goblins (D:1)
  2 goblin zombies (Ossuary)
  3 hobgoblin zombies (Ossuary)
  4 orc zombies (Ossuary)
  4 rats
218 creatures vanquished.

Vanquished Creatures (others)
  510 foxfires
510 creatures vanquished.

Grand Total: 728 creatures vanquished

Notes
Turn   | Place    | Note
-------+----------+-------------------------------------------
     0 | D:1      | kae the Tengu Fire Elementalist began the quest for the
                  | Orb.
     0 | D:1      | Reached XP level 1. HP: 10/10 MP: 4/4
   284 | D:1      | Reached XP level 2. HP: 16/16 MP: 1/6
   634 | D:1      | Found a faded altar of an unknown god.
  1075 | D:2      | Reached XP level 3. HP: 20/20 MP: 5/7
  1078 | D:2      | Learned a level 2 spell: Scorch
  1439 | D:2      | Reached skill level 1 in Fighting
  1439 | D:2      | Reached skill level 4 in Fire Magic
  2414 | D:3      | Found a runed translucent gate.
  2416 | D:3      | Found a runed translucent gate.
  2416 | D:3      | Found a runed translucent gate.
  2419 | D:3      | Noticed benappo's ghost (amateur DsHu)
  2419 | D:3      | Noticed Soel's ghost (amateur FoAK)
  2419 | D:3      | Noticed Inarius's ghost (weakling FeCK)
  2431 | D:3      | Reached XP level 4. HP: 25/25 MP: 4/8
  2703 | D:4      | Found a sand-covered staircase.
  2755 | D:4      | Noticed an ogre
  2765 | Ossuary  | Entered an ossuary
  3668 | D:4      | Noticed a steam dragon
  3730 | D:4      | Gained mutation: Your magical nature lets you fly swiftly
                  | and evasively. [Tengu growth]
  3730 | D:4      | Reached XP level 5. HP: 30/30 MP: 3/10
  4113 | D:4      | Killed an ogre
  4114 | D:4      | Reached skill level 5 in Fire Magic
  4188 | D:4      | Learned a level 3 spell: Conjure Flame
  4192 | D:4      | Learned a level 3 spell: Inner Flame
  4219 | D:4      | Reached XP level 6. HP: 35/35 MP: 9/11
  4714 | D:5      | Entered Level 5 of the Dungeon
  5240 | D:5      | Noticed Ijyb
  5304 | D:5      | Reached XP level 7. HP: 40/40 MP: 7/13
  5519 | D:5      | Reached skill level 6 in Fire Magic
  5666 | D:5      | Killed Ijyb
  6112 | D:6      | Reached skill level 5 in Conjurations
  6122 | D:6      | Reached XP level 8. HP: 46/47 MP: 2/15
  6150 | D:5      | Reached skill level 7 in Fire Magic
  6394 | D:6      | Noticed a wraith
  7290 | D:7      | Noticed a red ugly thing
  7491 | D:7      | Noticed a troll
  7517 | D:7      | Killed a troll
  7518 | D:7      | Reached skill level 8 in Fire Magic
  7644 | D:7      | Noticed robertstho's ghost (novice DjFE)
  7648 | D:7      | Found a runed translucent door.
  7672 | D:7      | Noticed a troll
  7735 | D:7      | Killed a troll
  7736 | D:7      | Reached XP level 9. HP: 52/52 MP: 10/17
  7873 | D:7      | Reached skill level 5 in Spellcasting
  8190 | D:7      | Reached skill level 5 in Fighting
  8366 | D:7      | Found a staircase to the Ecumenical Temple.
  8436 | D:7      | Reached skill level 9 in Fire Magic
  8529 | Temple   | Entered the Ecumenical Temple
  8860 | D:7      | Found a radiant altar of Vehumet.
  8861 | D:7      | Found a shimmering blue altar of Sif Muna.
  8861 | D:7      | Found a shadowy altar of Dithmenos.
  8861 | D:7      | Found an iron altar of Okawaru.
  8861 | D:7      | Found a hazy altar of Hepliaklqana.
  8861 | D:7      | Found a hide-covered altar of Uskayaw.
  9082 | D:7      | Became a worshipper of Vehumet
  9265 | D:8      | Identified the ring of Asceticism {rC+ Dex+2 SInv}
  9272 | D:8      | Noticed a boulder beetle
  9395 | D:8      | You are sucked into a shaft and drop 1 floor!
  9573 | D:9      | Found Juqifokh's Distillery.
  9586 | D:9      | Bought a potion of degeneration for 12 gold pieces
  9586 | D:9      | Bought a potion of curing for 36 gold pieces
  9586 | D:9      | Identified a scroll of acquirement
  9586 | D:9      | Acquired the +5 pearl dragon scales "Cucoh" {rElec rF+ rN+
                  | Int+3}
  9681 | D:9      | Found Vesucei's Antique Weapon Shop.
  9808 | D:7      | Reached skill level 10 in Fire Magic
  9812 | D:7      | Reached skill level 1 in Armour
  9862 | D:7      | Reached XP level 10. HP: 21/60 MP: 6/19
 10330 | D:8      | Reached * piety under Vehumet
 10330 | D:8      | Offered knowledge of Freeze by Vehumet.
 11317 | D:9      | Found Udoch's Antique Weapon Shop.
 11482 | D:9      | Found Haki Par's Book Emporium.
 12044 | D:10     | Entered Level 10 of the Dungeon
 12278 | D:10     | Reached skill level 11 in Fire Magic
 12515 | D:10     | Found a staircase to the Orcish Mines.
 12638 | D:10     | Offered knowledge of Shock by Vehumet.
 12689 | D:10     | Reached ** piety under Vehumet
 12963 | D:10     | Reached skill level 5 in Armour
 13102 | D:10     | Reached XP level 11. HP: 66/66 MP: 16/22
 13518 | D:10     | Noticed an ogre mage
 13635 | D:10     | Noticed a green ugly thing
 13810 | D:10     | Killed an ogre mage
 13876 | D:10     | Noticed a six-headed hydra
 13883 | D:10     | Killed a six-headed hydra
 14007 | D:10     | Noticed a cyan ugly thing
 14040 | D:10     | Killed a white ugly thing
 14041 | D:10     | Reached skill level 12 in Fire Magic
 14047 | D:10     | Killed a white ugly thing
 14335 | D:11     | Noticed a centaur warrior
 14361 | D:10     | Offered knowledge of Static Discharge by Vehumet.
 14500 | D:11     | Reached skill level 10 in Conjurations
 14512 | D:11     | Noticed a cyclops
 14520 | D:11     | Hit by a large rock thrown by a cyclops

Illustrated notes

Levels and vault maps discovered:
D:1:      dpeg_arrival_orchard, layout_rooms,
          shapermc_ecumenical_altar_hornbeckon, lemuel_another_geyser
D:2:      layout_basic
D:3:      layout_rooms, gammafunk_ghost_cemetery
D:4:      layout_cave_pools, nicolae_ossuary_entry_monument
D:5:      layout_cave_pods, uniq_ijyb
D:6:      layout_basic
D:7:      layout_basic, minitemple, minmay_temple_entry_sparse_star,
          hellmonk_ghost_happy_afterlife
D:8:      layout_cave_pools
D:9:      layout_long_grid, serial_shops, shop, nicolae_shop_crystal,
          nicolae_shop_waterfront, nicolae_stop_n_shop_1
D:10:     layout_rooms, david_orc_5, small_statue_alley_a, minmay_pinched_square
D:11:     layout_gridville, erik_lair_orcish_takeover,
          portal_ice_cave_entry_imps, st_stairs_5
Temple:   nicolae_temple_x_marks_the_god

Skill      XL: |  1  2  3  4  5  6  7  8  9 10 11 |
---------------+----------------------------------+-----
Conjurations   | 2 3 4 5 6 8 9 10 | 10.0
Fighting       | 1 2 3 4 5 6 7 |  7.5
Fire Magic     | 4 5 6 8 10 11 12 | 12.1
Spellcasting   | 3 4 5 6 7 |  7.2
Armour         | 1 5 7 |  7.1
Dodging        | |  2.1
Stealth        | |  2.0

Action                   |  1- 3 |  4- 6 |  7- 9 | 10-12 || total
-------------------------+-------+-------+-------+-------++-------
Melee: Unarmed           |     2 |       |       |       ||     2
       Kick              |     4 |     3 |     1 |     9 ||    17
       Mace              |     8 |    24 |     5 |    14 ||    51
       Peck              |     1 |     1 |     2 |     2 ||     6
 Cast: Foxfire           |    57 |    84 |    69 |    85 ||   295
       Scorch            |     8 |    17 |    84 |   132 ||   241
       Conjure Flame     |       |     1 |     3 |     4 ||     8
       Inner Flame       |       |       |    14 |    18 ||    32
  Use: Scroll            |       |    12 |     4 |     4 ||    20
       Potion            |       |     2 |     2 |     1 ||     5
Armor: Robe              |     4 |     3 |     4 |       ||    11
       Skin              |       |    29 |       |       ||    29
       Pearl dragon scal |       |       |    33 |   139 ||   172
       Troll leather arm |       |       |     6 |       ||     6
Dodge: Dodged            |    15 |    23 |    93 |   123 ||   254

Table legend: (Time is in decaauts)
 A = Elapsed time spent in this place.
 B = Non-inter-level travel time spent in this place.
 C = Inter-level travel time spent in this place.
 D = Time resting spent in this place.
 E = Time spent auto-exploring this place.
 F = Levels seen in this place.
 G = Mean time per level.
                   A        B        C        D        E       F      G
               +--------+--------+--------+--------+--------+-----+--------+
         Total |  14043 |  13236 |    807 |   2629 |   8167 |  13 | 1080.2 |
       Dungeon |  13384 |  12585 |    799 |   2505 |   7832 |  11 | 1216.7 |
        Temple |     51 |     43 |      8 |      0 |     36 |   1 |   51.0 |
       Ossuary |    608 |    608 |      0 |    124 |    298 |   1 |  608.0 |
               +--------+--------+--------+--------+--------+-----+--------+

Top non-repeatable levels by time:
     D:7: 2417 daAuts
    D:10: 1935 daAuts
     D:5: 1333 daAuts
     D:9: 1304 daAuts
     D:3: 1293 daAuts
     D:6: 1174 daAuts
     D:4: 1005 daAuts
     D:8: 957 daAuts
     D:2: 933 daAuts
     D:1: 924 daAuts
 Ossuary: 608 daAuts
    D:11: 104 daAuts
  Temple: 51 daAuts
